 Dungeon Sprint DCSS version 0.27-a0-463-gec7707c53d (webtiles) character file.

Game seed: 11233628870986700869

811 rocky1 the Geomancer (level 7, -1/58 HPs)
             Began as a Grey Draconian Earth Elementalist on Mar 1, 2021.
             Was a High Priest of Sif Muna.
             Slain by a vampire knight
             ... wielding a +2 halberd
              (21 damage)
             ... in the Dungeon (Sprint VII: "The Pits").
             The game lasted 00:04:44 (783 turns).

rocky1 the Geomancer (DrEE)                          Turns: 783, Time: 00:04:45

Health: -1/58      AC: 11    Str: 10    XL:     7   Next: 61%
Magic:  1/16       EV: 13    Int: 17    God:    Sif Muna [*****.]
Gold:   0          SH:  0    Dex: 12    Spells: 9/18 levels left

rFire    . . .     SeeInvis .   l - +1 quarterstaff (speed)
rCold    . . .     Faith    .   (shield currently unavailable)
rNeg     . . .     Spirit   .   (armour unavailable)
rPois    .         Reflect  .   (helmet restricted)
rElec    .         Harm     .   (no cloak)
rCorr    .         Rampage  .   (no gloves)
Will     .....     NoTele   +   (no boots)
Stlth    ++........             (no amulet)
HPRegen  0.19/turn              (no ring)
MPRegen  0.15/turn              (no ring)

@: slowed, very slow
A: walk through water, unfitting armour, unbreathing, cold-blooded, AC +11
a: Renounce Religion, Channel Magic, Forget Spell, Divine Exegesis


You were in the Dungeon.
You worshipped Sif Muna.
Sif Muna was extremely pleased with you.
You visited 1 branch

Inventory:

Hand Weapons
 k - a +2 hand axe of freezing
 l - a +1 quarterstaff of speed (weapon)
 m - a +1 long sword of flaming
Missiles
 b - 19 stones
Scrolls
 h - a scroll of blinking
 i - 5 scrolls of amnesia
 j - a scroll of summoning
Potions
 a - 2 potions of invisibility
 c - 6 potions of curing
 d - 5 potions of heal wounds
 e - a potion of haste
 f - 4 potions of magic
 g - 3 potions of berserk rage


   Skills:
 + Level 3.8 Fighting
 + Level 3.0 Staves
 + Level 3.4 Dodging
 - Level 1.7 Stealth
 + Level 6.1 Spellcasting
 + Level 3.1 Conjurations
 + Level 3.4 Transmutations
 + Level 13.8 Earth Magic
 + Level 7.3 Invocations


You had 9 spell levels left.
You knew the following spells:

 Your Spells              Type           Power        Failure   Level
a - Sandblast             Erth           100%         1%          1
b - Stone Arrow           Conj/Erth      68%          1%          3
c - Lee's Rapid Deconstr  Erth           25%          1%          5

Your spell library contained the following spells:

 Spells                   Type           Power        Failure   Level
 Passwall                 Tmut/Erth      28%          1%          2
 Petrify                  Tmut/Erth      34%          3%          4
 Swiftness                Air            5%           19%         2
 Static Discharge         Conj/Air       10%          21%         3
 Airstrike                Air            2%           77%         4
 Summon Lightning Spire   Summ/Air       5%           77%         4
 Lightning Bolt           Conj/Air       5%           88%         5
 Silence                  Hex/Air        2%           98%         5


Dungeon Overview and Level Annotations

Branches:
Dungeon (1/1)

Altars:
Ashenzari
Cheibriados
Dithmenos
Elyvilon
Fedhas
Gozag
Hepliaklqana
Kikubaaqudgha
Makhleb
Nemelex Xobeh
Okawaru
Qazlal
Ru
Sif Muna
Trog
Uskayaw
Vehumet
Wu Jian
Xom
Yredelemnul
Zin
The Shining One
Beogh
Jiyva
Lugonu


Innate Abilities, Weirdness & Mutations

You can walk through water.
Your dull iron-grey scales are very hard. (AC +11)
You cannot fit into any form of body armour.
You can survive without breathing.
You are cold-blooded and may be slowed by cold attacks.


Message History

The blast of metal fragments hits the vampire knight!
The vampire knight is lightly damaged.
You hear a shout!
The vampire knight barely misses you.
The gnoll shouts!
Casting: Lee's Rapid Deconstruction (dangerous; 1% risk of failure)
Confirm with . or Enter, or press ? or * to list all spells.
Aiming: Lee's Rapid Deconstruction (dangerous; 1% risk of failure)
Press: ? - help, Dir - move target An open door.
The stone door frame shatters!
The blast of rock fragments hits the vampire knight but does no damage.
The vampire knight is lightly damaged.
The blast of rock fragments hits the gnoll!!
You kill the gnoll!
Sif Muna accepts your kill. Something hits you. Something drains your vigour!
You feel yourself slow down.
Deactivating autopickup; reactivate with Ctrl-A.
Casting: Lee's Rapid Deconstruction (dangerous; 1% risk of failure)
Confirm with . or Enter, or press ? or * to list all spells.
Aiming: Lee's Rapid Deconstruction (dangerous; 1% risk of failure)
Press: ? - help, Dir - move target A metal wall.
The metal wall shatters!
The blast of metal fragments hits the vampire knight!
The vampire knight is moderately damaged.
The blast of metal fragments hits the gnoll!!
You kill the gnoll!
Sif Muna accepts your kill. x2
You feel a bit more experienced.
The vampire knight gestures wildly while chanting.
The vampire knight seems to speed up.
Something hits you!!
* * * LOW HITPOINT WARNING * * *
Something drains your vigour!
You feel as though you will be slow longer.
The vampire knight gestures at itself while chanting.
The vampire knight flickers and vanishes!
You feel much better. Something barely misses you. Something hits you!
Something hits you!!
You die...

#.#..#..#))##.......#
#.#..#..#..##.......#
#.##'#..#'###...<...#
#.#........##.......#
#.#...)....##.......#
#'###########.......#
#.......#†.##########
#..###..#)## ###
#..†....#@# .g.#
##.###.##'#..g.#
#.......#{g..g§+
#..###..#'#....#
#.......'.#..g.#
########### ####


You could see a gnoll shaman.

Vanquished Creatures
  A hornet (D)
  2 floating eyes (D)
  2 phantoms (D)
  A scorpion (D)
  3 wights (D)
  A worker ant (D)
  An adder (D)
  3 gnolls (D)
  A river rat (D)
  An ufetubus (D)
  2 oozes (D)
  A leopard gecko (D)
  An orc (D)
  A bat (D)
  A bat skeleton (D)
  A quokka (D)
  A leopard gecko zombie (D)
  A rat (D)
25 creatures vanquished.

Notes
Turn   | Place    | Note
-------+----------+-------------------------------------------
     0 | D        | rocky1 the Draconian Earth Elementalist began the quest for
                  | the Orb.
     0 | D        | Reached XP level 1. HP: 14/14 MP: 3/3
    25 | D        | Found a bloodstained altar of Trog.
    25 | D        | Found a shimmering blue altar of Sif Muna.
    25 | D        | Found a viscous altar of Jiyva.
    25 | D        | Found a hazy altar of Hepliaklqana.
    25 | D        | Found an opulent altar of Gozag.
    26 | D        | Found a glowing golden altar of the Shining One.
    26 | D        | Found a glowing silver altar of Zin.
    26 | D        | Found a basalt altar of Yredelemnul.
    26 | D        | Found a shimmering altar of Xom.
    26 | D        | Found an ornate altar of the Wu Jian Council.
    26 | D        | Found a sacrificial altar of Ru.
    26 | D        | Found a stormy altar of Qazlal.
    26 | D        | Found an iron altar of Okawaru.
    26 | D        | Found a sparkling altar of Nemelex Xobeh.
    26 | D        | Found a burning altar of Makhleb.
    26 | D        | Found a blossoming altar of Fedhas.
    26 | D        | Found a white marble altar of Elyvilon.
    26 | D        | Found a shadowy altar of Dithmenos.
    26 | D        | Found a snail-covered altar of Cheibriados.
    29 | D        | Found a corrupted altar of Lugonu.
    29 | D        | Found a radiant altar of Vehumet.
    29 | D        | Found a roughly hewn altar of Beogh.
    30 | D        | Found an ancient bone altar of Kikubaaqudgha.
    30 | D        | Found a hide-covered altar of Uskayaw.
    30 | D        | Found a broken altar of Ashenzari.
    31 | D        | Became a worshipper of Sif Muna the Loreminder
    71 | D        | Reached skill level 4 in Earth Magic
    75 | D        | Reached skill level 5 in Earth Magic
    75 | D        | Reached XP level 2. HP: 12/20 MP: 0/5
   197 | D        | Noticed a floating eye
   200 | D        | Killed a floating eye
   200 | D        | Reached * piety under Sif Muna
   201 | D        | Reached skill level 9 in Earth Magic
   201 | D        | Reached XP level 3. HP: 26/26 MP: 4/6
   201 | D        | Reached XP level 4. HP: 33/33 MP: 4/7
   209 | D        | Reached skill level 10 in Earth Magic
   213 | D        | Learned a level 3 spell: Stone Arrow
   232 | D        | Reached ** piety under Sif Muna
   233 | D        | Reached XP level 5. HP: 38/38 MP: 6/8
   236 | D        | Noticed a phantom
   239 | D        | Killed a phantom
   335 | D        | Learned a level 5 spell: Lee's Rapid Deconstruction
   346 | D        | Noticed a phantom
   351 | D        | Killed a phantom
   351 | D        | Reached *** piety under Sif Muna
   352 | D        | Reached skill level 11 in Earth Magic
   352 | D        | Reached skill level 5 in Invocations
   352 | D        | Reached XP level 6. HP: 45/45 MP: 6/12
   433 | D        | Reached skill level 5 in Spellcasting
   433 | D        | Reached **** piety under Sif Muna
   459 | D        | Noticed a floating eye
   465 | D        | Killed a floating eye
   466 | D        | Reached skill level 1 in Fighting
   466 | D        | Reached skill level 1 in Staves
   466 | D        | Reached skill level 1 in Conjurations
   474 | D        | Noticed a hornet
   476 | D        | Killed a hornet
   477 | D        | Your scales start taking on a dull iron-grey colour.
   477 | D        | Reached skill level 13 in Earth Magic
   477 | D        | Reached XP level 7. HP: 34/57 MP: 4/15
   477 | D        | Gained mutation: You can survive without breathing. [Grey
                  | Draconian growth]
   704 | D        | Reached ***** piety under Sif Muna
   705 | D        | Identified Geroucu's Reference Book on Flight (Sif Muna
                  | gifted it to you in the Dungeon)
   705 | D        | Received a gift from Sif Muna
   777 | D        | Noticed a vampire knight
   783 | D        | Slain by a vampire knight

Illustrated notes

Levels and vault maps discovered:
D:        pitsprint [storerooms_1, entrance_room_1, metal_vault_6, armoury_1,
          mini_pit_1, grid_room_1, main_hall_1, silver_pit, the_coven_3,
          the_vestibule_1, steel_vault_4, golden_pit, hallway_of_sentries,
          crystal_vault_6, iron_vault_4, final_vault]

Skill      XL: |  1  2  3  4  5  6  7 |
---------------+----------------------+-----
Earth Magic    | 5 9 10 11 13 | 13.8
Invocations    | 2 5 7 |  7.3
Spellcasting   | 4 5 6 |  6.1
Fighting       | 3 |  3.8
Staves         | 2 3 |  3.0
Dodging        | 3 |  3.4
Conjurations   | 2 3 |  3.1
Transmutations | 2 3 |  3.4
Stealth        | |  1.7

Action                   |  1- 3 |  4- 6 |  7- 9 || total
-------------------------+-------+-------+-------++-------
Melee: Quarterstaff      |     4 |    11 |       ||    15
       Tailslap          |       |     1 |       ||     1
 Cast: Sandblast         |     6 |    15 |       ||    21
       Lee's Rapid Decon |       |     2 |     5 ||     7
  Use: Potion            |       |       |     1 ||     1
 Stab: Sleeping          |       |     1 |       ||     1
Armor: Skin              |       |     5 |       ||     5
Dodge: Dodged            |     1 |    14 |     2 ||    17

Table legend: (Time is in decaauts)
 A = Elapsed time spent in this place.
 B = Non-inter-level travel time spent in this place.
 C = Inter-level travel time spent in this place.
 D = Time resting spent in this place.
 E = Time spent auto-exploring this place.
 F = Levels seen in this place.
 G = Mean time per level.
                   A        B        C        D        E       F      G
               +--------+--------+--------+--------+--------+-----+--------+
         Total |    787 |    787 |      0 |    534 |      0 |   1 |  787.0 |
       Dungeon |    787 |    787 |      0 |    534 |      0 |   1 |  787.0 |
               +--------+--------+--------+--------+--------+-----+--------+

Top non-repeatable levels by time:
       D: 787 daAuts
